Map: Magannatha LE

Players

LigerMaNN - Winner!

  • Race: Zerg Zerg
  • League: Diamond
  • Spawn Location: 11:00

Turbonic

  • Race: Protoss Protoss
  • League: Diamond
  • Spawn Location: 5:00

VOD

Have the link to the VOD?

Description

Time

  • Played on: June 26, 2025, 3:54 a.m.
  • Length: 8:07
Show
View Real Time Build Order
Export as new Build Order

LigerMaNN Zerg - Winner!

Build Orders: Pool First 

Get SALT Encoding   

  12  0:17  Spawning Pool  
  11  0:22  Drone  
  11  0:26  Drone  
  13  0:30  Drone  
  14  0:41  Overlord  
  14  1:06  Zergling x6  
  17  1:16  Zergling x2  
  18  1:21  Hatchery  
  17  1:27  Zergling x2  
  18  1:37  Queen  
  18  1:38  Zergling x2  
  21  1:49  Overlord  
  21  2:13  Drone x2  
  22  2:25  Drone  
  22  2:28  Queen  
  25  2:31  Overlord  
  25  2:44  Zergling x2  
  25  2:45  Zergling x4  
  30  2:58  Zergling x10  
  32  3:08  Drone  
  32  3:09  Drone  
  32  3:17  Queen x2  
  35  3:38  Drone x6  
  34  3:50  Drone  
  34  3:51  Drone x3  
  36  4:03  Drone x2  
  36  4:08  Extractor  
  36  4:09  Drone, Extractor  
  37  4:11  Overlord  
  37  4:19  Drone  
  38  4:28  Drone x3  
  41  4:34  Overlord x3  
  41  4:48  Drone x3  
  41  4:49  Drone  
  45  5:04  Drone x4  
  45  5:06  Extractor  
  48  5:07  Hatchery  
  48  5:08  Extractor  
  46  5:14  Drone  
  46  5:15  Drone x4  
  46  5:18  Lair  
  51  5:25  Evolution Chamber  
  51  5:26  Roach Warren  
  49  5:33  Drone x2  
  52  5:35  Drone  
  52  5:37  Overlord x2  
  52  5:56  Zerg Missile Weapons Level 1  
  52  6:05  Spore Crawler  
  52  6:07  Spore Crawler  
  50  6:12  Roach x9  
  50  6:17  Glial Reconstitution  
  68  6:20  Roach  
  70  6:37  Drone x9  
  79  6:48  Ravager x6  
  79  6:49  Ravager  
  79  6:50  Roach x2  
  79  6:51  Roach  
  92  6:57  Overseer  
  92  7:00  Spore Crawler  
  91  7:03  Spine Crawler  
  91  7:06  Spine Crawler  
  89  7:10  Spine Crawler  
  89  7:11  Drone x3  
  89  7:14  Roach x3  
  97  7:19  Overseer  
  97  7:25  Overlord x4  
Show
View Real Time Build Order
Export as new Build Order

Turbonic Protoss 

Build Orders: Cannon Rush, Nexus First 

Get SALT Encoding   

  1  0:00  Probe  
  12  0:05  Probe  
  14  0:18  Pylon  
  14  0:21  Probe  
  15  0:53  Nexus  
  15  1:05  Forge, Probe  
  16  1:14  Probe  
  17  1:22  Probe  
  18  1:38  Photon Cannon  
  18  1:41  Photon Cannon  
  18  1:47  Photon Cannon  
  18  1:59  Gateway  
  18  2:04  Assimilator  
  18  2:20  Photon Cannon  
  18  2:24  Probe  
  19  2:39  Pylon  
  19  2:40  Probe  
  19  2:58  Photon Cannon  
  16  3:33  Photon Cannon  
  8  4:02  Photon Cannon  
  7  4:11  Probe  
  8  4:19  Probe  
  9  4:26  Probe  
  10  4:38  Probe  
  11  4:47  Probe  
  12  5:00  Cybernetics Core  
  12  5:05  Probe  
  13  5:09  Probe  
  14  5:17  Warp Gate, Probe  
  14  5:24  Probe  
  14  5:25  Probe  
  17  5:36  Probe  
  17  5:37  Probe  
  19  5:49  Shield Battery  
  19  5:50  Probe  
  20  6:02  Gateway  
  20  6:05  Probe  
  21  6:13  Probe  
  21  6:16  Pylon  
  22  6:21  Probe  
  22  6:23  Shield Battery  
  23  6:39  Gateway  
  23  6:43  Twilight Council  
  23  6:50  Assimilator  
  23  7:01  Pylon  
  23  7:02  Probe  
  23  7:05  Probe  
  25  7:17  Gateway, Probe  
  26  7:26  Dark Shrine  
  26  7:30  Probe  
  26  7:32  Probe  
  28  7:39  Assimilator  
  28  7:41  Stalker  
  28  7:42  Stalker  
  32  7:47  Stalker  
  32  7:55  Pylon  
Tags
 
Add a new tag
Caveats
  • Supply blocks, unpowered buildings, or Contaminate may cause inaccurate times.
  • Supply counts are checked every 10 seconds.